 Dungeon Crawl Stone Soup version 0.31-a0-845-g9abc20d24f (webtiles) character file.

Game seed: 6145329284462144883

478 porpoise the Shooter (level 7, -2/55 HPs)
             Began as a Human Hunter on Oct 1, 2023.
             Slain by a quokka (4 damage)
             ... on level 4 of the Dungeon.
             The game lasted 00:08:00 (2940 turns).

porpoise the Shooter (Human Hunter)                 Turns: 2940, Time: 00:08:00

Health: -2/55      AC:  5    Str: 12    XL:     7   Next: 33%
Magic:  7/7        EV: 12    Int:  9    God:
Gold:   174        SH:  0    Dex: 18    Spells: 6/6 levels left

rFire   . . .        b - +1 flail (drain)
rCold   . . .        (no shield)
rNeg    . . .        c - +0 leather armour
rPois   .            (no helmet)
rElec   .            u - +0 cloak
rCorr   .            r - +0 pair of gloves
SInv    .            (no boots)
Will    .....        (no amulet)
Stlth   ++           (no ring)
HPRegen 0.29/turn    (no ring)
MPRegen 0.10/turn

%: no passive effects
@: attractive
A: no striking features
a: no special abilities


You were on level 4 of the Dungeon.
You visited 1 branch of the dungeon, and saw 4 of its levels.

You collected 174 gold pieces.

Inventory:

Hand Weapons
 a - a +0 shortbow
 b - a +1 flail of draining (weapon)
Missiles
 g - 12 poisoned darts
 h - a throwing net
 m - 4 boomerangs
Armour
 c - a +0 leather armour (worn)
 r - a +0 pair of gloves (worn)
 u - a +0 cloak (worn)
Wands
 p - a wand of paralysis (12)
 t - a wand of iceblast (10)
Scrolls
 i - a scroll of blinking {unknown}
 j - a scroll of fear {unknown}
 n - a scroll of vulnerability
 s - a scroll of butterflies
 v - a scroll of amnesia
Potions
 d - a potion of lignification
 e - a potion of mutation
 f - 2 potions of brilliance
 k - a potion of attraction
 l - a potion of might {unknown}
 o - a potion of heal wounds {unknown}
 q - a potion of degeneration {unknown}


   Skills:
 + Level 4.5 Fighting
 * Level 7.1 Ranged Weapons
 - Level 2.0 Dodging
 - Level 1.0 Stealth


You had 6 spell levels left.
You didn't know any spells.
Your spell library contained the following spells:

 Spells                   Type           Power      Damage    Failure   Level
 Ozocubu's Armour         Ice            0%         N/A       83%         3
 Metabolic Englaciation   Hex/Ice        0%         N/A       100%        5
 Simulacrum               Ice/Necr       0%         N/A       100%        6


Dungeon Overview and Level Annotations

Branches:
Dungeon (4/15)
 Temple: D:4-7

Altars:
Vehumet

Shops:
D:1 [   D:3 :

Annotations:
D:3 3 runed translucent doors, petzl's ghost, weakling FoDe


Message History

The phantom hits you.
* * * LOW HITPOINT WARNING * * *
The quokka barely misses you.
You barely miss the phantom.
The phantom is severely damaged.
The quokka closely misses you. The phantom misses you. The quokka misses you.
The phantom hits you.
* * * LOW HITPOINT WARNING * * *
You barely miss the phantom.
The phantom is severely damaged.
The quokka closely misses you.
The phantom hits you but does no damage.
You hit the phantom but do no damage.
The phantom is severely damaged.
The quokka barely misses you. The phantom hits you.
* * * LOW HITPOINT WARNING * * *
The phantom blinks!
You blink.
You hit the phantom but do no damage.
The phantom is severely damaged.
The phantom hits you but does no damage.
The phantom hits you.
* * * LOW HITPOINT WARNING * * *
The phantom blinks!
You blink.
You hit the phantom.
The phantom is almost destroyed.
The phantom hits you.
* * * LOW HITPOINT WARNING * * *
The phantom blinks!
You blink.
The quokka closely misses you.
It was a potion of attraction.
You feel attractive to monsters.
The phantom hits you but does no damage.
The quokka misses you.
You hit the phantom.
You destroy the phantom!
The quokka closely misses you.
Your Ranged Weapons skill increases to level 7!
You closely miss the quokka. The quokka barely misses you.
The quokka bites you but does no damage.
You completely miss the quokka. The quokka bites you.
You die...

.##.##.# #.# #.#### .##.##.#
##'## #<.... .......# ##.†.##
#.###. .......# ##.....## #)# #.
###.##.## ##.......# #)###.
#.......####........########)#...
...........+........##≈~.....#)##
#.#.#...####....r...##≈~.....##>#
#.#......# ##...@..###≈≈.....###.
#.#####..# ##.....#>')≈.....# ##
#.. ..# ##...## #≈≈.....###. ###
.# ##+## #≈~.....##.# #
#≈~.....#.## #######.#.# #...#
#####


You could see a quokka.

Vanquished Creatures
  An ogre (D:4)
  2 phantoms
  2 jellies (D:4)
  An iguana (D:4)
  4 gnolls (D:3)
  4 adders
  An ufetubus (D:4)
  A worm (D:3)
  2 orcs
  3 ball pythons
  8 endoplasms
  5 giant cockroaches
  13 goblins
  7 hobgoblins
  3 jackals (D:3)
  4 quokkas
  4 bats
  A frilled lizard (D:1)
  7 kobolds
  6 rats
79 creatures vanquished.

Notes
Turn   | Place    | Note
-------+----------+-------------------------------------------
     0 | D:1      | porpoise the Human Hunter began the quest for the Orb.
     0 | D:1      | Reached XP level 1. HP: 16/16 MP: 1/1
   165 | D:1      | Reached XP level 2. HP: 22/22 MP: 2/2
   475 | D:1      | Reached XP level 3. HP: 28/28 MP: 3/3
   525 | D:1      | Found Holeafotyc's Antique Armour Boutique.
   682 | D:2      | Noticed a phantom
   700 | D:2      | Killed a phantom
   701 | D:2      | Reached skill level 5 in Ranged Weapons
   701 | D:2      | Reached XP level 4. HP: 18/35 MP: 4/4
   832 | D:2      | Reached XP level 5. HP: 41/41 MP: 5/5
  1560 | D:3      | Found a runed translucent gate.
  1560 | D:3      | Found a runed translucent gate.
  1560 | D:3      | Found a runed translucent gate.
  1585 | D:3      | Noticed petzl's ghost (weakling FoDe)
  1677 | D:3      | Noticed a walking crystal tome
  1678 | D:3      | Found Zyf Totoosu's Book Shop.
  1680 | D:3      | Noticed a walking earthen tome
  1927 | D:3      | Reached skill level 6 in Ranged Weapons
  1927 | D:3      | Reached XP level 6. HP: 23/47 MP: 6/6
  2097 | D:3      | Found a radiant altar of Vehumet.
  2810 | D:4      | Noticed an ogre
  2817 | D:4      | Killed an ogre
  2818 | D:4      | Reached XP level 7. HP: 40/54 MP: 7/7
  2936 | D:4      | HP: 1/55 [phantom (4)]
  2939 | D:4      | Reached skill level 7 in Ranged Weapons
  2940 | D:4      | Slain by a quokka

Illustrated notes

Levels and vault maps discovered:
D:1:      psy_arrival_radial01, layout_loops_ring, serial_shops,
          nicolae_shop_tiny_waterfront
D:2:      layout_basic, minmay_misc_feat_room
D:3:      layout_basic, lemuel_doored_altar, gammafunk_ghost_icy, serial_shops,
          nicolae_shop_mannequins
D:4:      minmay_bubble_buster, layout_loops_corners,
          cheibrodos_sewer_entry_bend, minmay_goblin_outpost

Skill      XL: |  1  2  3  4  5  6  7 |
---------------+----------------------+-----
Fighting       | 3 4 |  4.5
Ranged Weapons | 5 6 7 |  7.1
Dodging        | |  2.0
Stealth        | |  1.0

Action                     |  1- 3 |  4- 6 |  7- 9 || total
---------------------------+-------+-------+-------++-------
  Melee: Flail             |       |    18 |    20 ||    38
   Fire: Shortbow          |    54 |   147 |     6 ||   207
    Use: Scroll            |       |     7 |       ||     7
         Potion            |       |       |     1 ||     1
 Armour: Leather armour    |    10 |    44 |    28 ||    82
  Dodge: Dodged            |    11 |    37 |    27 ||    75

Table legend: (Time is in decaauts)
 A = Elapsed time spent in this place.
 B = Non-inter-level travel time spent in this place.
 C = Inter-level travel time spent in this place.
 D = Time resting spent in this place.
 E = Time spent auto-exploring this place.
 F = Levels seen in this place.
 G = Mean time per level.
                   A        B        C        D        E       F      G
               +--------+--------+--------+--------+--------+-----+--------+
         Total |   2984 |   2897 |     87 |    419 |   1947 |   4 |  746.0 |
       Dungeon |   2984 |   2897 |     87 |    419 |   1947 |   4 |  746.0 |
               +--------+--------+--------+--------+--------+-----+--------+

Top non-repeatable levels by time:
     D:3: 855 daAuts
     D:2: 767 daAuts
     D:1: 688 daAuts
     D:4: 673 daAuts
